 Dungeon Crawl Stone Soup version 0.28.0-45-g0d030f2227 (webtiles) character file.

Game seed: 4449863980101621760

4813 Zeld the Destroyer (level 10, -5/81 HPs)
             Began as a Yellow Draconian Conjurer on Apr 11, 2022.
             Was a Believer of Sif Muna.
             Killed from afar by a starcursed mass (9 damage)
             ... with an accursed screaming
             ... on level 1 of the Abyss.
             The game lasted 00:14:57 (11418 turns).

Zeld the Destroyer (Yellow Draconian Conjurer)     Turns: 11418, Time: 00:14:57

Health: -5/81      AC: 11    Str: 10    XL:     10   Next: 24%
Magic:  28/28      EV: 12    Int: 23    God:    Sif Muna [**....]
Gold:   115        SH:  0    Dex:  9    Spells: 5/21 levels left

rFire   . . .      SeeInvis .   (no weapon)
rCold   . . .      Faith    .   (no shield)
rNeg    . . .      Spirit   .   (armour unavailable)
rPois   .          Reflect  .   r - +1 hat
rElec   .          Harm     .   p - +0 cloak
rCorr   +          Rampage  .   c - +0 pair of gloves
Will    .....                   q - +0 pair of boots
Stlth   ++........              i - amulet of magic regeneration
HPRegen 0.23/turn               s - ring of magical power
MPRegen 0.61/turn               (no ring)

@: about to teleport
A: spit acid, AC +7, unfitting armour, cold-blooded, acid resistance
a: Breathe Acid, Renounce Religion, Channel Magic


You were on level 1 of the Abyss.
You worshipped Sif Muna.
Sif Muna was pleased with you.
You visited 2 branches of the dungeon, and saw 10 of its levels.
You visited the Abyss 1 time.

You collected 415 gold pieces.
You spent 300 gold pieces at shops.

Inventory:

Armour
 c - a +0 pair of gloves (worn)
 p - a +0 cloak (worn)
 q - a +0 pair of boots (worn)
 r - a +1 hat (worn)
Jewellery
 i - an amulet of magic regeneration (around neck)
 s - a ring of magical power (left hand)
Wands
 j - a wand of charming (7)
 k - a wand of mindburst (8)
 l - a wand of flame (9)
 u - a wand of polymorph (10)
Scrolls
 b - a scroll of magic mapping
 d - 3 scrolls of teleportation
 e - a scroll of enchant armour
 f - 2 scrolls of fear
 h - a scroll of blinking
 o - 2 scrolls of amnesia
Potions
 a - a potion of attraction {unknown}
 g - 3 potions of might
 m - 2 potions of curing {unknown}
 n - a potion of heal wounds {unknown}
 t - a potion of flight {unknown}
 v - a potion of haste


   Skills:
 - Level 5.0 Fighting
 - Level 2.0 Dodging
 - Level 2.0 Stealth
 + Level 6.4 Spellcasting
 * Level 10.5 Conjurations
 - Level 2.0 Hexes
 - Level 2.0 Translocations
 + Level 5.1 Invocations
 + Level 5.3 Evocations


You had 5 spell levels left.
You knew the following spells:

 Your Spells              Type           Power      Damage    Failure   Level
a - Magic Dart            Conj           100%       1d8       1%          1
b - Searing Ray           Conj           100%       2d8       1%          2
c - Fulminant Prism       Conj/Hex       18%        3d11      6%          4
d - Iskenderun's Mystic   Conj/Tloc      36%        2d9       6%          4
e - Iskenderun's Battles  Conj           54%        2d10      3%          5

Your spell library contained the following spells:

 Spells                   Type           Power      Damage    Failure   Level
 Foxfire                  Conj/Fire      100%       2x1d9     1%          1
 Dazzling Flash           Conj/Hex       72%        N/A       1%          3
 Conjure Flame            Conj/Fire      31%        6-21      2%          3
 Flame Wave               Conj/Fire      31%        2d8       10%         4
 Scorch                   Fire           14%        2d5       12%         2
 Inner Flame              Hex/Fire       12%        N/A       16%         3
 Fireball                 Conj/Fire      15%        3d8       26%         5
 Orb of Destruction       Conj           27%        9d9       67%         7
 Conjure Ball Lightning   Conj/Air       15%        3x3d6     82%         6
 Summon Cactus Giant      Summ           3%         N/A       100%        6


Dungeon Overview and Level Annotations

Branches:
Dungeon (9/15)             Temple (1/1) D:6            Lair (0/6) D:9
    Orc: D:9-12

Altars:
Ashenzari
Cheibriados
Dithmenos
Elyvilon
Fedhas
Gozag
Hepliaklqana
Kikubaaqudgha
Makhleb
Nemelex Xobeh
Okawaru
Qazlal
Ru
Sif Muna
Trog
Uskayaw
Vehumet
Wu Jian
Xom
Yredelemnul
Zin
The Shining One

Shops:
D:5 *??

Annotations:
D:6 1 runed translucent door, SuperSeabass's ghost, amateur GnWz
D:9 Erolcha


Innate Abilities, Weirdness & Mutations

You can spit globs of acid.
Your golden yellow scales are hard. (AC +7)
You cannot fit into any form of body armour.
You are cold-blooded and may be slowed by cold attacks.
You are resistant to acid. (rCorr)


Message History

The lance of force hits you!!
* * * LOW HITPOINT WARNING * * *
You are knocked back by the lance of force.
You are suddenly pulled into a different region of the Abyss!
Okay, then.
Okay, then.
You start resting.
A ynoxinul comes into view.
The ynoxinul moves out of view.
You start resting.
A ynoxinul is nearby!
A ynoxinul is nearby!
A ynoxinul is nearby!
A ynoxinul is nearby!
You start resting.
A ynoxinul is nearby!
A ynoxinul is nearby!
A ynoxinul is nearby!
You start resting.
A ynoxinul is nearby!
A ynoxinul is nearby!
A ynoxinul is nearby!
A starcursed mass comes into view.
The starcursed mass shrieks in your mind.
* * * LOW HITPOINT WARNING * * *
A starcursed mass splits.
A starcursed mass splits. x2
As you read the scroll of teleportation, it crumbles to dust.
You feel strangely unstable.
You feel the power of the Abyss delaying your translocation!
A starcursed mass splits.
A starcursed mass splits.
A deafening chorus of shrieks assaults your mind!
* * * LOW HITPOINT WARNING * * *
Unknown command.
The ynoxinul gestures.
A chorus of shrieks assaults your mind.
* * * LOW HITPOINT WARNING * * *
A starcursed mass splits. x2
A cacophony of accursed wailing tears at your sanity!
You die...

# 3.. ##### . #
..#... ## #.
#..3...###.#
#.#.#..#.#.#.#.#.
#.. ###.....#..
..###...#.#....#.
#...5#.###..
##.....5.##.
##3.X.#.@#
#.X#.X#.#
#.##XX#X##


XX. #..X## ##..#X#X#.# #.###..## ## #X## #≈≈ #≈ You could see 8 starcursed
masses and 2 ufetubi.

Vanquished Creatures
  Pikel (D:8)
  Maurice (D:9)
  A troll (D:5)
  A hornet (D:8)
  Grinder (D:4)
  A shadow (D:8)
  A steam dragon (D:8)
  Menkaure (D:4)
  Edmund (D:4)
  2 water moccasins (D:6)
  A black bear (D:5)
  2 ice beasts (D:8)
  4 sky beasts
  2 lemures (D:8)
  2 kobold brigands
  2 bullfrogs (D:8)
  Blork the orc (D:4)
  4 scorpions
  2 wyvern zombies (D:8)
  A water moccasin zombie (D:5)
  2 jellies
  6 killer bees
  5 wights (D:9)
  A centaur zombie (D:7)
  2 orc priests (D:8)
  A gnoll shaman (D:7)
  2 bullfrog skeletons
  Ijyb (D:4)
  An iguana (D:5)
  6 orc wizards
  A hound zombie (D:5)
  3 hound skeletons
  A howler monkey zombie (D:8)
  8 gnolls
  11 adders
  2 white imps
  An ufetubus (D:5)
  2 worms (D:3)
  A dart slug (D:2)
  23 orcs
  9 ball pythons
  7 endoplasms
  8 giant cockroaches
  6 goblins
  2 hobgoblins
  5 jackals (D:1)
  19 kobolds
  4 quokkas
  5 bats
  2 frilled lizards
  A jackal skeleton (D:4)
  4 rats
184 creatures vanquished.

Vanquished Creatures (others)
  A kobold (D:4)
  12 fulminant prisms
  A plant (Temple)
14 creatures vanquished.

Grand Total: 198 creatures vanquished

Notes
Turn   | Place    | Note
-------+----------+-------------------------------------------
     0 | D:1      | Zeld the Draconian Conjurer began the quest for the Orb.
     0 | D:1      | Reached XP level 1. HP: 14/14 MP: 3/3
   412 | D:1      | Reached XP level 2. HP: 20/20 MP: 1/5
   659 | D:1      | Learned a level 2 spell: Searing Ray
   833 | D:1      | Reached XP level 3. HP: 27/27 MP: 1/6
  1465 | D:2      | Reached skill level 1 in Fighting
  1654 | D:2      | Reached XP level 4. HP: 35/35 MP: 4/7
  1838 | D:2      | Found a faded altar of an unknown god.
  1947 | D:2      | Reached skill level 5 in Conjurations
  2115 | D:2      | Learned a level 4 spell: Fulminant Prism
  2728 | D:3      | Reached XP level 5. HP: 41/41 MP: 3/9
  3137 | D:3      | Identified the +6 chain mail of Yredelemnul's Reproof {rF+}
  3884 | D:4      | Noticed Grinder
  3889 | D:4      | Noticed Edmund
  3903 | D:4      | Noticed an angel
  3903 | D:4      | Noticed Menkaure
  3903 | D:4      | Found a shimmering altar of Xom.
  3903 | D:4      | Found a glowing silver altar of Zin.
  4042 | D:4      | Found a hide-covered altar of Uskayaw.
  4074 | D:4      | Paralysed by Grinder for 4 turns
  4123 | D:4      | Killed Grinder
  4124 | D:4      | Reached skill level 1 in Hexes
  4124 | D:4      | Reached XP level 6. HP: 50/50 MP: 7/11
  4129 | D:4      | Learned a level 4 spell: Iskenderun's Mystic Blast
  4183 | D:4      | Noticed Ijyb
  4546 | D:4      | Killed Ijyb
  4581 | D:4      | Reached skill level 6 in Conjurations
  4662 | D:4      | Killed Menkaure
  4663 | D:4      | Reached skill level 1 in Translocations
  4663 | D:4      | Your scales start taking on a golden yellow colour.
  4663 | D:4      | Reached XP level 7. HP: 28/57 MP: 5/12
  4663 | D:4      | Gained mutation: You are resistant to acid. (rCorr) [Yellow
                  | Draconian growth]
  4829 | D:4      | Noticed Blork the orc
  4871 | D:4      | Killed Blork the orc
  4947 | D:4      | Killed Edmund
  5352 | D:4      | Found a glowing golden altar of the Shining One.
  5352 | D:4      | Found a blossoming altar of Fedhas.
  5360 | D:4      | Found a stormy altar of Qazlal.
  5362 | D:4      | Found an ornate altar of the Wu Jian Council.
  5364 | D:4      | Found a burning altar of Makhleb.
  5414 | D:5      | Entered Level 5 of the Dungeon
  5582 | D:5      | Reached skill level 7 in Conjurations
  5631 | D:5      | Reached skill level 1 in Evocations
  5657 | D:5      | Reached XP level 8. HP: 66/66 MP: 9/14
  5718 | D:5      | Found Reneitel's General Store.
  5727 | D:5      | Bought a +0 pair of boots for 54 gold pieces
  5727 | D:5      | Bought a potion of might for 48 gold pieces
  5727 | D:5      | Bought a potion of might for 48 gold pieces
  5735 | D:5      | Found Ucurytar's Magic Scroll Shoppe.
  5796 | D:5      | Noticed a troll
  5800 | D:5      | Killed a troll
  5960 | D:5      | Found Liogg's Magic Scroll Emporium.
  5964 | D:5      | Bought a scroll of identify for 22 gold pieces
  6242 | D:6      | Found a staircase to the Ecumenical Temple.
  6258 | Temple   | Entered the Ecumenical Temple
  6332 | Temple   | Became a worshipper of Sif Muna the Loreminder
  6635 | D:6      | Reached skill level 8 in Conjurations
  6842 | D:6      | Reached skill level 1 in Invocations
  6849 | D:6      | Learned a level 5 spell: Iskenderun's Battlesphere
  6884 | D:6      | Found a runed translucent door.
  6884 | D:6      | Found a shimmering altar of Xom.
  6884 | D:6      | Noticed SuperSeabass's ghost (amateur GnWz)
  6885 | D:6      | Noticed a +3 long sword of chaos
  7223 | D:6      | Reached skill level 5 in Fighting
  7535 | D:7      | Reached skill level 5 in Spellcasting
  7849 | D:7      | Reached XP level 9. HP: 69/74 MP: 16/16
  7890 | D:7      | Found a white marble altar of Elyvilon.
  8234 | D:7      | Reached * piety under Sif Muna
  8854 | D:5      | Bought a scroll of identify for 22 gold pieces
  8854 | D:5      | Bought a scroll of identify for 22 gold pieces
  8854 | D:5      | Bought a scroll of identify for 22 gold pieces
  8854 | D:5      | Bought a scroll of amnesia for 38 gold pieces
  8909 | D:5      | Bought a scroll of identify for 24 gold pieces
  8989 | D:8      | Found a snail-covered altar of Cheibriados.
  8996 | D:8      | Reached skill level 9 in Conjurations
  9365 | D:8      | Found an iron altar of Okawaru.
  9408 | D:8      | Noticed Pikel
  9436 | D:8      | Killed Pikel
  9690 | D:8      | Reached skill level 10 in Conjurations
 10359 | D:8      | Reached XP level 10. HP: 55/81 MP: 19/19
 10975 | D:8      | Reached skill level 5 in Evocations
 11044 | D:8      | Noticed a boulder beetle
 11059 | D:9      | Found a staircase to the Lair.
 11065 | D:9      | Reached ** piety under Sif Muna
 11071 | D:9      | Noticed Maurice
 11080 | D:9      | Killed Maurice
 11081 | D:9      | Reached skill level 5 in Invocations
 11146 | D:9      | Found an opulent altar of Gozag.
 11199 | D:9      | Noticed Erolcha
 11227 | D:9      | Cast into level 1 of the Abyss (Erolcha)
 11270 | Abyss:1  | Noticed a tentacled starspawn
 11326 | Abyss:1  | Found a corrupted altar of Lugonu.
 11361 | Abyss:1  | Noticed a wretched star
 11371 | Abyss:1  | Noticed a smoke demon
 11407 | Abyss:1  | Noticed a starcursed mass
 11416 | Abyss:1  | HP: 4/81 [starcursed mass/accursed screaming (9)]
 11418 | Abyss:1  | Killed from afar by a starcursed mass

Illustrated notes

Levels and vault maps discovered:
D:1:      nzn_arrival_depleted_hourglass, layout_loops_ring, minmay_pentomino_w4
D:2:      minmay_evil_eye, layout_rooms, shapermc_ecumenical_altar_hornbeckon,
          minmay_splitting_lines
D:3:      layout_loops_corners, minmay_checkerbox
D:4:      layout_cave_pools, grunt_temple_overflow_order_and_chaos_1,
          mainiacjoe_overflow_alcove_1, chequers_temple_overflow_minitemple,
          uniq_blork_the_orc, uniq_grinder, uniq_ijyb, uniq_edmund,
          uniq_menkaure
D:5:      layout_basic, serial_shops, kennysheep_mini_moat, nicolae_shop_trees,
          shop, kennysheep_generic_room_9
D:6:      layout_cave_pods, minmay_temple_entry_slanted, ebering_ghost_xom,
          lightli_orcish_oven
D:7:      layout_basic, mainiacjoe_overflow_six_doors_small, minmay_hedge_maze,
          amcnicky_mini_pool_small
D:8:      minmay_slanted_spiral_squares, layout_basic,
          mainiacjoe_overflow_concentric_impassable,
          mainiacjoe_overflow_catwalk, uniq_pikel
D:9:      layout_stronghold, grunt_gozag_statues, lair_entry_dummy,
          minmay_orc_entry_temple_small, uniq_maurice, uniq_erolcha
Temple:   cyrus_temple_forest
Abyss:1:  base: D:4, patterned_corridor

Skill      XL: |  1  2  3  4  5  6  7  8  9 10 |
---------------+-------------------------------+-----
Dodging        | 2 |  2.0
Stealth        | 2 |  2.0
Fighting       | 1 2 3 4 5 |  5.0
Conjurations   | 5 6 7 8 10 | 10.5
Spellcasting   | 3 4 5 6 |  6.4
Hexes          | 1 2 |  2.0
Translocations | 1 2 |  2.0
Evocations     | 1 3 4 5 |  5.3
Invocations    | 2 4 5 |  5.1

Action                   |  1- 3 |  4- 6 |  7- 9 | 10-12 || total
-------------------------+-------+-------+-------+-------++-------
Melee: Unarmed           |    44 |     4 |    12 |       ||    60
       Tailslap          |     4 |     1 |     2 |       ||     7
       Punch             |     1 |       |       |       ||     1
 Cast: Magic Dart        |    65 |    83 |    78 |     5 ||   231
       Searing Ray       |     1 |    16 |    62 |     9 ||    88
       Fulminant Prism   |       |       |     8 |     4 ||    12
       Iskenderun's Myst |       |       |     7 |     2 ||     9
       Iskenderun's Batt |       |       |     1 |     2 ||     3
 Abil: Breathe Acid      |       |       |     3 |       ||     3
Evoke: Wand              |       |       |     4 |       ||     4
  Use: Scroll            |       |       |     4 |     6 ||    10
Armor: Skin              |    11 |    14 |    76 |     5 ||   106
Dodge: Dodged            |    38 |    25 |   112 |    11 ||   186
